 Dungeon Sprint DCSS version 0.17-a0-1403-g9df874c (webtiles) character file.

63 Kidiri the Sneak (level 3, -5/16 HPs)
             Began as a Spriggan Enchanter on June 20, 2015.
             Was a Priest of Dithmenos.
             Slain by a gnoll
             ... wielding a +0 spear
              (7 damage)
             ... in the Dungeon (Sprint VII: "The Pits").
             The game lasted 00:03:11 (402 turns).

Kidiri the Sneak (Spriggan Enchanter)                Turns: 402, Time: 00:03:11

Health: -5/16      AC:  3    Str:  4    XL:     3   Next: 87%
Magic:  8/10       EV: 21    Int: 16    God:    Dithmenos [***...]
Gold:   0          SH:  0    Dex: 17    Spells: 2 memorised, 8 levels left

rFire  . . .     SeeInvis +     p - +1 dagger (elec)
rCold  . . .     Clarity  .     b - +1 robe
rNeg   . . .     SustAt   .     (shield restricted)
rPois  .         Gourm    .     (helmet restricted)
rElec  .         Spirit   .     (no cloak)
rCorr  .         Warding  .     (gloves unavailable)
rMut   .         NoTele   +     (boots unavailable)
MR     .....                    (no amulet)
Stlth  +++++.....               (no ring)
                                (no ring)

@: wreathed by umbra, very quick, not resistant to hostile enchantments, quite
stealthy
A: unfitting armour, see invisible, herbivore 3, speed 3, slow metabolism 2
a: Shadow Step, Renounce Religion


You were in the Dungeon.
You worshipped Dithmenos.
Dithmenos was most pleased with you.
You were not hungry.

You visited 1 branch

Inventory:

Hand weapons
 k - a +2 dagger
 p - a +1 dagger of electrocution (weapon)
Armour
 b - a +1 robe (worn)
Scrolls
 j - a scroll of blinking
 m - 3 scrolls of remove curse
 n - 5 scrolls of amnesia
 o - a scroll of summoning
Potions
 e - 6 potions of curing
 f - 6 potions of heal wounds
 g - a potion of haste
 h - 4 potions of magic
 i - 3 potions of berserk rage
 l - 2 potions of invisibility
Books
 c - a book of Maledictions

   Spells                             Type                      Level
   a - Corona                         Hexes                        1
   b - Ensorcelled Hibernation        Hexes/Ice                    2
   c - Confuse                        Hexes                        3
   d - Tukima's Dance                 Hexes                        3
   e - Dazzling Spray                 Conjuration/Hexes            3
Comestibles
 a - 40 fruits
 d - 8 bread rations


   Skills:
 * Level 3.7 Short Blades
 * Level 5.7 Dodging
 * Level 6.6 Stealth
 * Level 4.9 Spellcasting
 + Level 4.4 Hexes
 + Level 1.2 Ice Magic
 + Level 1.4 Invocations


You had 8 spell levels left.
You knew the following spells:

 Your Spells              Type           Power        Failure   Level  Hunger
a - Corona                Hex            ###....      2%          1    None
b - Ensorcelled Hibernat  Hex/Ice        ##....       10%         2    ##.....


Dungeon Overview and Level Annotations

Branches:
Dungeon (1/1)

Altars:
Ashenzari
Cheibriados
Dithmenos
Elyvilon
Fedhas
Gozag
Kikubaaqudgha
Makhleb
Nemelex Xobeh
Okawaru
Qazlal
Ru
Sif Muna
Trog
Vehumet
Xom
Yredelemnul
Zin
The Shining One
Beogh
Jiyva
Lugonu


Innate Abilities, Weirdness & Mutations

You are tiny and cannot use many weapons and most armour.
You have supernaturally acute eyesight.
You are a herbivore.
You cover ground extremely quickly.
You need consume almost no food.


Message History

You hit the quasit.
The quasit is almost dead.
The gnoll misses you. The quasit misses you. The quasit barely misses you.
The quasit closely misses you.
You barely miss the quasit.
The quasit is severely wounded.
The gnoll barely misses you. The quasit completely misses you.
The quasit misses you. The quasit barely misses you.
You hit the quasit.
There is a sudden explosion of sparks!
You kill the quasit!
Dithmenos accepts your kill.
You feel your dexterity returning.
The gnoll hits you from afar with a spear.
* * * LOW HITPOINT WARNING * * *
You barely miss the gnoll. The gnoll closely misses you.
You hit the gnoll but do no damage. The gnoll misses you.
You hit the gnoll.
The gnoll is lightly wounded.
The gnoll hits you with a spear!
You die...

############
#__________#
#__________#
#.#####+############
#_#)))+.+%.##.......
#_#)))#.#?(##......#
#######+#####.......
#gg@....%...'.......
#J#####+#####......#
#.#%..#)#..##.......
#.#...#%#))#####+###
#g#...%.#))##.......
#J##+####).##.......
#g#.....#[[##.......
#.#.....#+###...<...
#.#........##.......


You could see a jelly and 2 gnolls.

Vanquished Creatures
  A quasit (D)
  A gnoll (D)
  2 giant eyeballs (D)
  An ufetubus (D)
  A giant gecko (D)
  4 jackals (D)
  A bat (D)
  2 giant newts (D)
13 creatures vanquished.

Notes
Turn   | Place    | Note
--------------------------------------------------------------
     0 | D        | Kidiri the Spriggan Enchanter began the quest for the Orb.
     0 | D        | Reached XP level 1. HP: 9/9 MP: 5/5
    25 | D        | Found a sacrificial altar of Ru.
    25 | D        | Found a basalt altar of Yredelemnul.
    25 | D        | Found a shadowy altar of Dithmenos.
    25 | D        | Found a deep blue altar of Sif Muna.
    25 | D        | Found a burning altar of Makhleb.
    25 | D        | Found a shimmering altar of Xom.
    25 | D        | Found an ancient bone altar of Kikubaaqudgha.
    25 | D        | Found a sparkling altar of Nemelex Xobeh.
    26 | D        | Found a glowing golden altar of the Shining One.
    26 | D        | Found a bloodstained altar of Trog.
    26 | D        | Found a shattered altar of Ashenzari.
    26 | D        | Found a white marble altar of Elyvilon.
    26 | D        | Found a snail-covered altar of Cheibriados.
    26 | D        | Found a blossoming altar of Fedhas.
    26 | D        | Found a radiant altar of Vehumet.
    26 | D        | Found a glowing silver altar of Zin.
    26 | D        | Found a corrupted altar of Lugonu.
    26 | D        | Found a viscous altar of Jiyva.
    26 | D        | Found a roughly hewn altar of Beogh.
    26 | D        | Found an iron altar of Okawaru.
    29 | D        | Became a worshipper of Dithmenos the Shadowed
    33 | D        | Found a stormy altar of Qazlal.
    33 | D        | Found an opulent altar of Gozag.
    76 | D        | Reached skill level 5 in Stealth
    76 | D        | Reached XP level 2. HP: 13/13 MP: 5/7
    88 | D        | Learned a level 2 spell: Ensorcelled Hibernation
   148 | D        | Acquired Dithmenos's first power
   152 | D        | Reached skill level 6 in Stealth
   275 | D        | Reached skill level 1 in Invocations
   285 | D        | Reached skill level 5 in Dodging
   285 | D        | Reached XP level 3. HP: 16/16 MP: 7/9
   297 | D        | Acquired Dithmenos's second power
   297 | D        | Reached skill level 1 in Ice Magic
   362 | D        | Noticed a quasit
   363 | D        | Noticed a gnoll shaman
   363 | D        | Noticed a jelly
   363 | D        | Noticed a brain worm
   364 | D        | Noticed a quasit
   398 | D        | Killed a quasit
   402 | D        | Slain by a gnoll

Vault maps used:
D:        pitsprint

Action                   || total
-------------------------++-------
Melee: Dagger            ||    45
 Cast: Ensorcelled Hiber ||     5
       Corona            ||     1
 Stab: Sleeping          ||     6
       Distracted        ||     1
